details: 'deus vult'

« prev index next »

General information

Mini Map

Players

team 1
UndeadAecio_Neves (red | 15 APM | 488 actions | 32:19)
Hero icon 6 Crypt Lord
Ability icon 1 Carrion Beetles
Ability icon 3 Spiked Carapace
Ability icon 1 Impale
Ability icon 1 Locust Swarm

» actions
Basic commands1
Build / train56
Enter build submenu15
Enter hero's abilities submenu6
Give item / drop item1
Remove unit from queue6
Right click167
Select / deselect208
Use ability28
488 total
» units
Acolyte5
Ghoul3
Gargoyle14
Frost Wyrm7
29 total
» upgrades
Creature Attack3
Creature Carapace3
Freezing Breath1
7 total
» buildings
Ziggurat7
Crypt1
Altar of Darkness1
Graveyard1
Halls of the Dead1
Black Citadel1
Sacrificial Pit1
Boneyard3
Tomb of Relics1
Nerubian Tower2
Spirit Tower1
20 total
» build order
00:38 Ziggurat
00:42 Crypt
00:50 Altar of Darkness
01:12 Ziggurat
01:51 Graveyard
02:57 Halls of the Dead
03:31 Ziggurat
03:37 Ziggurat
05:29 Black Citadel
05:40 Sacrificial Pit
07:18 Ziggurat
07:24 Ziggurat
07:54 Boneyard
08:00 Boneyard
08:03 Boneyard
10:21 Tomb of Relics
15:16 Ziggurat
16:40 Nerubian Tower
16:41 Nerubian Tower
16:43 Spirit Tower
» items
Orb of Corruption1
Periapt of Vitality1
2 total
HumanCrusader+ (purple | 45 APM | 1447 actions | 32:20)
Hero icon 10 Paladin
Ability icon 3 Holy Light
Ability icon 3 Devotion Aura
Ability icon 3 Divine Shield
Ability icon 1 Resurrection

» actions
Assign group hotkey48
Basic commands151
Build / train75
Enter build submenu22
Enter hero's abilities submenu11
Give item / drop item2
Remove unit from queue5
Right click421
Select / deselect401
Select group hotkey212
Use ability99
1447 total
» units
Peasant20
Footman8
Priest5
33 total
» upgrades
Defend1
Lumber Harvesting2
Masonry3
Swords3
Plating3
Animal War Training1
Priest Training2
Magic Sentry1
16 total
» buildings
Altar of Kings1
Barracks3
Farm5
Arcane Vault2
Keep1
Town Hall1
Lumber Mill1
Scout Tower5
Guard Tower1
Blacksmith2
Castle1
Arcane Sanctum2
25 total
» build order
00:51 Altar of Kings
00:54 Barracks
00:56 Farm
01:00 Farm
01:06 Farm
01:52 Farm
03:42 Arcane Vault
04:22 Keep
04:55 Farm
05:09 Town Hall
05:18 Lumber Mill
05:22 Scout Tower
05:26 Scout Tower
05:29 Scout Tower
05:34 Scout Tower
06:46 Guard Tower
07:58 Blacksmith
08:00 Blacksmith
08:01 Castle
11:16 Barracks
11:17 Barracks
11:21 Arcane Sanctum
11:23 Arcane Sanctum
14:41 Arcane Vault
27:23 Scout Tower
» items
Periapt of Vitality2
Boots of Speed1
Staff of Teleportation1
Potion of Lesser Invulnerability1
Scroll of Protection1
Scroll of Town Portal1
7 total
Human1a2b3c4d5e6g7h8 (teal | 80 APM | 2578 actions | 32:19)
Hero icon 5 Archmage
Ability icon 2 Summon Water Elemental
Ability icon 2 Brilliance Aura
Ability icon 1 Blizzard
Hero icon 3 Blood Mage
Ability icon 2 Flame Strike
Ability icon 1 Siphon Mana

» actions
Assign group hotkey127
Basic commands213
Build / train150
Enter build submenu50
Enter hero's abilities submenu8
Give item / drop item5
Right click696
Select / deselect511
Select group hotkey638
Use ability180
2578 total
» units
Peasant16
Footman4
Rifleman5
Sorceress3
Priest4
Gryphon Rider5
Dragonhawk Rider2
39 total
» upgrades
Masonry3
Swords4
Gunpowder3
Armor3
Long Rifles1
Lumber Harvesting2
Priest Training2
Sorceress Training2
Animal War Training1
Cloud1
Storm Hammers1
23 total
» buildings
Altar of Kings1
Barracks3
Farm13
Arcane Vault1
Lumber Mill1
Blacksmith1
Town Hall1
Keep5
Scout Tower18
Guard Tower36
Arcane Sanctum3
Castle5
Gryphon Aviary2
90 total
» build order
00:41 Altar of Kings
00:44 Barracks
00:51 Farm
01:05 Farm
01:45 Farm
02:04 Arcane Vault
02:21 Farm
02:29 Lumber Mill
03:23 Blacksmith
03:57 Town Hall
05:06 Keep
05:06 Keep
05:07 Keep
06:12 Scout Tower
06:23 Scout Tower
06:24 Scout Tower
06:26 Scout Tower
06:28 Scout Tower
06:34 Farm
06:35 Farm
07:20 Guard Tower
07:20 Guard Tower
07:20 Guard Tower
07:20 Guard Tower
07:40 Arcane Sanctum
07:45 Arcane Sanctum
07:49 Guard Tower
07:49 Guard Tower
07:49 Guard Tower
08:14 Scout Tower
08:15 Scout Tower
08:54 Guard Tower
10:57 Guard Tower
10:58 Castle
10:59 Castle
10:59 Castle
14:27 Scout Tower
14:28 Scout Tower
14:30 Scout Tower
14:31 Scout Tower
14:41 Scout Tower
15:22 Arcane Sanctum
15:28 Barracks
15:30 Barracks
15:32 Guard Tower
15:42 Guard Tower
17:13 Gryphon Aviary
17:16 Gryphon Aviary
18:42 Farm
18:43 Farm
18:47 Farm
18:48 Farm
21:40 Farm
21:43 Farm
21:45 Farm
21:55 Scout Tower
21:57 Scout Tower
22:03 Scout Tower
22:04 Scout Tower
22:06 Scout Tower
22:09 Scout Tower
22:26 Guard Tower
22:26 Guard Tower
22:26 Guard Tower
22:27 Guard Tower
22:27 Guard Tower
22:37 Guard Tower
22:41 Guard Tower
22:42 Guard Tower
22:42 Guard Tower
22:47 Guard Tower
22:47 Guard Tower
22:47 Guard Tower
22:48 Guard Tower
27:22 Guard Tower
27:22 Guard Tower
27:23 Guard Tower
» items
Staff of Teleportation2
Boots of Speed2
Scroll of Regeneration2
Mechanical Critter2
Lesser Clarity Potion1
Tome of Retraining1
Potion of Invisibility1
11 total
HumanCUMMYBEARS (green | 4 APM | 129 actions | 32:19)

» actions
Build / train11
ESC pressed1
Enter build submenu4
Right click48
Select / deselect59
Use ability6
129 total
» units
Peasant7
7 total
» buildings
Lumber Mill1
Scout Tower3
Guard Tower4
8 total
» build order
00:24 Lumber Mill
01:29 Scout Tower
01:33 Scout Tower
01:44 Guard Tower
01:48 Guard Tower
01:48 Guard Tower
01:51 Scout Tower
team 2
UndeadStarsNBars4Ever (blue | 21 APM | 32 actions | 01:31)

» actions
Build / train3
Enter build submenu2
Right click21
Select / deselect4
Use ability2
32 total
» units
Acolyte3
3 total
» buildings
Crypt2
2 total
» build order
00:31 Crypt
00:37 Crypt
OrcGERALT-OF_RIVIA (orange | 48 APM | 1562 actions | 32:19)
Hero icon 7 Blademaster
Ability icon 3 Wind Walk
Ability icon 2 Critical Strike
Ability icon 1 Bladestorm
Ability icon 1 Mirror Image

» actions
Assign group hotkey33
Basic commands28
Build / train89
Enter build submenu31
Enter hero's abilities submenu7
Give item / drop item3
Right click608
Select / deselect264
Select group hotkey391
Use ability108
1562 total
» units
Peon20
Ghoul3
Gargoyle10
Forest Troll High Priest1
Troll Batrider16
Dryad5
55 total
» upgrades
Creature Attack2
Creature Carapace2
Ranged Weapons3
Reinforced Defenses1
Liquid Fire1
Armor3
12 total
» buildings
Altar of Storms1
Orc Burrow6
Ziggurat4
Great Hall1
Graveyard1
Stronghold1
War Mill1
Halls of the Dead2
Altar of Darkness1
Watch Tower17
Fortress1
Voodoo Lounge1
Nerubian Tower2
Beastiary3
Tomb of Relics1
Black Citadel2
Sacrificial Pit1
Crypt1
47 total
» build order
00:08 Altar of Storms
00:25 Orc Burrow
02:00 Ziggurat
02:00 Ziggurat
02:01 Ziggurat
02:05 Great Hall
03:00 Graveyard
03:06 Stronghold
03:08 War Mill
03:18 Orc Burrow
03:18 Orc Burrow
03:35 Halls of the Dead
03:35 Halls of the Dead
04:00 Altar of Darkness
04:03 Ziggurat
04:20 Orc Burrow
05:04 Watch Tower
05:05 Watch Tower
05:06 Watch Tower
05:10 Watch Tower
05:32 Fortress
06:01 Voodoo Lounge
06:11 Nerubian Tower
06:13 Nerubian Tower
06:42 Watch Tower
06:45 Watch Tower
07:06 Watch Tower
07:39 Watch Tower
08:51 Watch Tower
09:45 Watch Tower
09:45 Watch Tower
09:46 Watch Tower
10:09 Beastiary
10:17 Tomb of Relics
10:19 Black Citadel
10:22 Sacrificial Pit
10:32 Beastiary
11:22 Crypt
11:34 Watch Tower
13:13 Watch Tower
13:13 Watch Tower
13:13 Watch Tower
13:14 Watch Tower
14:44 Orc Burrow
15:16 Orc Burrow
18:11 Beastiary
» items
Healing Salve1
Lesser Clarity Potion1
Staff of Teleportation1
Orb of Lightning1
4 total
HumanAlexJonesTheGay (pink | 0 APM | 11 actions | 32:19)

» actions
Basic commands1
Select / deselect9
Use ability1
11 total
NightElfglock34 (yellow | 42 APM | 665 actions | 15:50)
Hero icon 3 Keeper of the Grove
Ability icon 2 Force of Nature
Ability icon 1 Thorns Aura

» actions
Build / train39
Enter build submenu16
Enter hero's abilities submenu3
Remove unit from queue1
Right click303
Select / deselect271
Use ability32
665 total
» units
Wisp16
Huntress4
Dryad3
Druid of the Claw2
25 total
» upgrades
Druid of the Claw Training2
Mark of the Claw1
Strength of the Wild1
Reinforced Hides1
Well Spring1
6 total
» buildings
Altar of Elders1
Moon Well7
Ancient of War2
Hunter's Hall1
Tree of Ages1
Tree of Eternity1
Ancient of Lore3
Ancient of Wonders1
Tree of Life1
18 total
» build order
00:11 Altar of Elders
00:13 Moon Well
00:28 Ancient of War
02:46 Moon Well
03:34 Ancient of War
03:55 Hunter's Hall
04:41 Tree of Ages
05:06 Moon Well
07:39 Tree of Eternity
07:44 Ancient of Lore
07:46 Ancient of Lore
10:07 Ancient of Wonders
11:10 Moon Well
11:38 Tree of Life
11:48 Moon Well
12:11 Moon Well
12:58 Moon Well
14:40 Ancient of Lore
» items
Moonstone1
1 total

Chat log

(00:04 / All) 1a2b3c4d5e6g7h8: dddd
(00:06 / All) 1a2b3c4d5e6g7h8: can you see this
(00:10 / All) Crusader+: yes
(00:11 / Allies) CUMMYBEARS: what a worthless fucking match
(00:16 / All) 1a2b3c4d5e6g7h8: it won't let me /f m
(00:19 / All) 1a2b3c4d5e6g7h8: doesn't do anything
(00:21 / All) AlexJonesTheGay: gg
(00:24 / All) Crusader+: + BY THIS SIGN YOU WILL CONQUER +
(00:25 / All) AlexJonesTheGay: You've been alex joned
(01:02 / All) 1a2b3c4d5e6g7h8: I can't use /f m wtf
(01:18 / All) 1a2b3c4d5e6g7h8: yes
(01:20 / All) 1a2b3c4d5e6g7h8: I did
(01:35 / All) 1a2b3c4d5e6g7h8: can't whisper at all
(01:41 / 5) 1a2b3c4d5e6g7h8: sd
(01:43 / 5) 1a2b3c4d5e6g7h8: this works
(01:56 / Allies) CUMMYBEARS: wood
(01:58 / Allies) CUMMYBEARS: hgold
(01:59 / 5) 1a2b3c4d5e6g7h8: but I can't whisper or use /fm I have you guys added too
(02:13 / Allies) CUMMYBEARS: no gold
(02:14 / Allies) CUMMYBEARS: wood
(02:27 / All) CUMMYBEARS: goodluck boys im afk
(03:12 / 5) 1a2b3c4d5e6g7h8: this chat bug is bizarre
(03:18 / 5) 1a2b3c4d5e6g7h8: no one saw when I counted down either

(07:30 / 5) 1a2b3c4d5e6g7h8: I can
(07:32 / 5) 1a2b3c4d5e6g7h8: but can't reply

(10:30 / Allies) 1a2b3c4d5e6g7h8: tome of power?
(11:17 / All) 1a2b3c4d5e6g7h8: I'll take if no one is orc
(11:36 / All) Crusader+: DEUS VULT
(12:28 / All) Crusader+: DEUS VULT
(12:47 / All) Crusader+: DEUS VULT
(13:26 / All) Crusader+: DEUS VULT
(13:38 / All) GERALT-OF_RIVIA: i there
(13:47 / All) Crusader+: DEUS VULT
(13:52 / All) 1a2b3c4d5e6g7h8: ty
(14:07 / All) Crusader+: DEUS VULT
(14:18 / All) GERALT-OF_RIVIA: wow green really afk
(14:57 / All) Crusader+: DEUS VULT
(14:59 / All) Crusader+: DEUS VULT
(15:23 / All) Crusader+: DEUS VULT
(15:35 / All) Crusader+: DEUS VULT
(15:40 / All) Crusader+: DEUS VULT
(15:48 / All) Crusader+: A CHRISTIAN ARMY THAT BEARS THIS SIGN SHALL NEVER BE DEFEATED
(16:09 / All) 1a2b3c4d5e6g7h8: wtf did he leave from my heroes killing his expo
(16:10 / All) 1a2b3c4d5e6g7h8: seriously
(16:27 / All) 1a2b3c4d5e6g7h8: oh
(16:33 / All) Crusader+: DEUS VULT
(17:32 / All) Crusader+: DEUS VULT
(18:15 / All) 1a2b3c4d5e6g7h8: Jake you're orc why didn't you want the claws
(18:26 / All) GERALT-OF_RIVIA: good question
(18:34 / All) 1a2b3c4d5e6g7h8: I have pendant of energy I coulda given you too
(18:38 / All) 1a2b3c4d5e6g7h8: +30 pendant bm
(19:10 / All) 1a2b3c4d5e6g7h8: what abilities did you go bob
(19:20 / All) 1a2b3c4d5e6g7h8: I notice you got brilliance aura
(19:21 / All) 1a2b3c4d5e6g7h8: I never get that
(19:35 / All) CUMMYBEARS: damn yalll still here
(19:36 / All) CUMMYBEARS: lol
(19:39 / All) Crusader+: 3 light, 3 aura, 1 divine, 1 ult
(19:44 / All) CUMMYBEARS: u know alexhones afk right
(19:45 / All) CUMMYBEARS: lol
(20:00 / All) Crusader+: DEUS VULT
(20:05 / All) 1a2b3c4d5e6g7h8: I usually go shield/light rather than light/aura
(20:06 / All) CUMMYBEARS: they been playin and dont even know
(20:19 / All) 1a2b3c4d5e6g7h8: kill teal at my base?
(20:22 / All) 1a2b3c4d5e6g7h8: I'm teal
(20:28 / All) 1a2b3c4d5e6g7h8: oh k
(20:58 / All) Crusader+: DEUS VULT
(21:00 / All) 1a2b3c4d5e6g7h8: wow red must be afk
(21:05 / All) Crusader+: A CHRISTIAN ARMY THAT BEARS HIS SIGN CAN NOT BE DEFEATED
(21:39 / All) Aecio_Neves: lets play for tk next games
(21:46 / All) 1a2b3c4d5e6g7h8: ?
(21:51 / All) 1a2b3c4d5e6g7h8: what you talking about red
(22:11 / All) Crusader+: WE BEAR THE HOLY GRACE OF CHRIST THE LORD
(22:15 / All) Crusader+: WE ARE INVINCIBLE BROTHERS!
(22:20 / All) Crusader+: WARRIORS OF CHRIST!
(22:35 / All) 1a2b3c4d5e6g7h8: we need to match newbs while you're being a crusader
(22:59 / All) 1a2b3c4d5e6g7h8: our team lose?
(22:59 / All) Crusader+: DEUS VULT
(23:01 / All) 1a2b3c4d5e6g7h8: what we doing
(23:36 / All) Crusader+: DEUS VULT
(24:19 / All) GERALT-OF_RIVIA: westworld sux
(24:42 / All) Crusader+: ORCS AND UNDEAD MAY NEVER ENTER THE KINGDOM OF HEAVEN
(24:52 / All) 1a2b3c4d5e6g7h8: what about the night elves
(25:08 / All) Crusader+: PAGAN IDOLATORS
(25:46 / All) 1a2b3c4d5e6g7h8: k

(27:42 / All) Crusader+: DEUS VULT
(28:13 / All) 1a2b3c4d5e6g7h8: 53% damage reduction paladin
(28:19 / All) 1a2b3c4d5e6g7h8: 20 armour almost
(28:22 / All) 1a2b3c4d5e6g7h8: with inner fire
(28:30 / All) 1a2b3c4d5e6g7h8: I shoulda given you my ring of prot +5
(28:32 / All) Crusader+: DEUS VULT!
(28:45 / All) 1a2b3c4d5e6g7h8: now try inner fire
(28:46 / All) Crusader+: DEUS VULT
(29:01 / Allies) Crusader+: how come his army didn't increase
(29:04 / All) 1a2b3c4d5e6g7h8: inner fire your paladin
(29:35 / All) Crusader+: ah
(29:35 / All) 1a2b3c4d5e6g7h8: 59% damage reduction
(29:39 / All) 1a2b3c4d5e6g7h8: that's like 25 armour
(29:40 / All) 1a2b3c4d5e6g7h8: crazy
(29:42 / All) Crusader+: you can queue inner fire

(31:07 / All) 1a2b3c4d5e6g7h8: wow almost nothing
(31:41 / All) 1a2b3c4d5e6g7h8: that paladin would take hours to kill
(31:44 / All) 1a2b3c4d5e6g7h8: in a legit game
(31:50 / All) 1a2b3c4d5e6g7h8: especially if you had level 3 divine shield and invul potions
(31:52 / All) Crusader+: plus I periapts for more hps